[Event "January 2 Late 2024"]
[Site "https://www.chess.com"]
[Date "2024.01.02"]
[Round "10"]
[White "Dubreuil, Julien"]
[Black "Bold, Andre"]
[Result "1-0"]
[Board "89"]
[TimeControl "180+1"]
[WhiteFideId "621285"]
[BlackFideId "16208471"]
[WhiteElo "2371"]
[BlackElo "2503"]
[WhiteTeam "FRA"]
[BlackTeam "GER"]
[WhiteClock "0:01:02"]
[BlackClock "0:00:05"]

1. e4 c6 2. Nf3 d5 3. exd5 cxd5 4. d4 Nf6 5. Ne5 g6 6. c4 Bg7 7. cxd5 O-O 8. Nc3 Nxd5 9. Qf3 Be6 10. Bc4 Nxc3 11. Bxe6 fxe6 12. Qxc3 Qd5 13. O-O Nc6 14. Nxc6 bxc6 15. Be3 e5 16. Rfd1 e4 17. Rac1 Rfc8 18. b3 e6 19. Qb2 c5 20. Rc4 cxd4 21. Rcxd4 Bxd4 22. Rxd4 Qf5 23. Rd7 e5 24. Qd2 Qe6 25. h3 Rc2 26. Qd1 Rac8 27. Bh6 R2c6 28. Rd8+ Rxd8 29. Qxd8+ Kf7 30. Qf8# 1-0

[Event "January 2 Late 2024"]
[Site "https://www.chess.com"]
[Date "2024.01.02"]
[Round "10"]
[White "Rodriguez Avila, Alvaro"]
[Black "Stojanovski, Sandi"]
[Result "1-0"]
[Board "90"]
[TimeControl "180+1"]
[WhiteFideId "24570249"]
[BlackFideId "1403249"]
[WhiteElo "2325"]
[BlackElo "2494"]
[WhiteTeam "ESP"]
[BlackTeam "DEN"]
[WhiteClock "0:00:03"]
[BlackClock "0:00:00"]

1. e4 d6 2. d4 Nf6 3. Nc3 g6 4. Bg5 Bg7 5. e5 Nfd7 6. exd6 cxd6 7. Qd2 Nc6 8. Nf3 Nf6 9. Be2 O-O 10. O-O-O Bf5 11. h4 Nb4 12. Ne1 Qa5 13. a3 Rfc8 14. Kb1 Nxc2 15. Nxc2 Nd5 16. Rh3 Bxh3 17. Nxd5 Qxd5 18. gxh3 Qf5 19. Bg4 Qe4 20. Re1 Qd5 21. Bxe7 Re8 22. Bd7 Reb8 23. Qf4 a5 24. Rd1 b5 25. Ne3 Qb3 26. Bxd6 b4 27. Bxb8 bxa3 28. Nc4 Qxd1+ 29. Ka2 axb2 30. Nxb2 Qc2 31. Be5 1-0

[Event "January 2 Late 2024"]
[Site "https://www.chess.com"]
[Date "2024.01.02"]
[Round "10"]
[White "Sukandar, Irine Kharisma"]
[Black "Lalanne, Pablo"]
[Result "1-0"]
[Board "91"]
[TimeControl "180+1"]
[WhiteFideId "7101937"]
[BlackFideId "112151"]
[WhiteElo "2479"]
[BlackElo "2324"]
[WhiteTeam "INA"]
[BlackTeam "ARG"]
[WhiteClock "0:00:13"]
[BlackClock "0:00:06"]

1. d4 Nf6 2. Bf4 e6 3. e3 d5 4. Nf3 c5 5. Nc3 a6 6. Ne5 Nc6 7. Be2 Bd6 8. Nxc6 bxc6 9. Bxd6 Qxd6 10. O-O O-O 11. Na4 cxd4 12. exd4 e5 13. dxe5 Qxe5 14. c3 a5 15. Re1 Qf5 16. Bf3 Be6 17. Qd4 Nd7 18. Re2 Rac8 19. Nc5 Nxc5 20. Qxc5 Qg6 21. Qxa5 Bg4 22. Bxg4 Qxg4 23. Rae1 h5 24. h3 Qg6 25. Qc5 Ra8 26. a4 Rfb8 27. a5 Kh7 28. b4 Rb5 29. Qd4 f6 30. Re3 Qf5 31. Rf3 Qg5 32. Rg3 Qf5 33. Re7 Rg8 34. a6 c5 35. bxc5 Ra5 36. a7 Kh6 37. Qe3+ g5 38. Qd3 Qxd3 39. Rxd3 Rxc5 40. Rde3 Ra8 41. R3e6 Kg6 42. Ra6 Rxc3 43. Rd7 Rc5 44. Kh2 h4 45. f3 Kf5 46. Rf7 Ke5 47. Rfxf6 d4 48. Rfe6+ Kd5 49. Red6+ Kc4 50. Ra4+ Kb5 51. Rdxd4 Rc7 52. Rdb4+ Kc6 53. Rc4+ Kb7 54. Rxc7+ Kxc7 55. Kg1 Kb7 56. Kf2 Kb6 57. Ke3 Kb7 58. Ke4 Re8+ 59. Kf5 Ka8 60. Kxg5 Rg8+ 61. Kxh4 Rxg2 62. f4 Rg8 63. f5 Rg7 64. f6 Rg6 65. Rf4 Rg8 66. f7 Rf8 67. Kg5 Kxa7 68. Kg6 Kb7 69. Kg7 1-0

[Event "January 2 Late 2024"]
[Site "https://www.chess.com"]
[Date "2024.01.02"]
[Round "10"]
[White "Titus, Andrew"]
[Black "Weinstein, Norman"]
[Result "0-1"]
[Board "92"]
[TimeControl "180+1"]
[WhiteFideId "2059770"]
[BlackFideId "2000466"]
[WhiteElo "2589"]
[BlackElo "2410"]
[WhiteTeam "USA"]
[BlackTeam "USA"]
[WhiteClock "0:00:42"]
[BlackClock "0:00:39"]

1. e4 c5 2. Nf3 d6 3. d4 Nf6 4. Nc3 cxd4 5. Nxd4 Nc6 6. h3 e6 7. Bc4 Be7 8. O-O O-O 9. Be3 a6 10. a4 Bd7 11. f4 Nxd4 12. Bxd4 Bc6 13. Qe2 d5 14. exd5 Nxd5 15. Nxd5 Bxd5 16. Bd3 Bf6 17. Bxf6 Qxf6 18. c4 Bc6 19. b4 Rfd8 20. Rad1 b6 21. Kh2 Rd4 22. b5 axb5 23. axb5 Bb7 24. Qe3 Rad8 25. Bc2 g6 26. Rxd4 Qxd4 27. Qg3 Qxc4 28. Rf2 Qxb5 29. f5 exf5 30. Bxf5 Qc5 31. Bc2 Qd6 32. Rf4 Qe5 33. h4 Rd2 34. Rf2 Qxg3+ 35. Kxg3 Rxf2 36. Kxf2 Kg7 37. g4 Kf6 38. Ke3 Ke5 39. h5 Bd5 40. hxg6 hxg6 41. g5 b5 42. Bd3 b4 43. Bb1 b3 44. Bd3 Be6 45. Kd2 Kf4 46. Kc3 Kxg5 47. Kb2 Kf4 48. Ka1 Ke3 49. Bb1 g5 50. Kb2 g4 0-1

[Event "January 2 Late 2024"]
[Site "https://www.chess.com"]
[Date "2024.01.02"]
[Round "10"]
[White "Grycel, Kamil"]
[Black "Bueno, Alfeu Junior Varela"]
[Result "1-0"]
[Board "93"]
[TimeControl "180+1"]
[WhiteFideId "1115499"]
[BlackFideId "2108879"]
[WhiteElo "2562"]
[BlackElo "2383"]
[WhiteTeam "POL"]
[BlackTeam "BRA"]
[WhiteClock "0:00:29"]
[BlackClock "0:00:00"]

1. d4 e6 2. Nf3 f5 3. Bf4 b6 4. e3 Bb7 5. h3 Nf6 6. c4 Be7 7. Nc3 O-O 8. Be2 Bb4 9. Qb3 Bxc3+ 10. Qxc3 d6 11. O-O Nbd7 12. b4 Qe8 13. Qc2 Be4 14. Qb2 Qg6 15. c5 bxc5 16. bxc5 e5 17. dxe5 dxe5 18. Bxe5 Nd5 19. Rfd1 Nxc5 20. Rac1 Ne6 21. Qb3 Rad8 22. Ne1 f4 23. f3 Nxe3 24. Rxd8 Rxd8 25. fxe4 Rd2 26. Bf3 Nxg2 27. Nxg2 h6 28. Rc2 Rd7 29. Bxf4 Kh7 30. Kh2 Nxf4 31. Nxf4 Qd6 32. Qe3 g5 33. e5 gxf4 34. exd6 fxe3 35. dxc7 1-0

[Event "January 2 Late 2024"]
[Site "https://www.chess.com"]
[Date "2024.01.02"]
[Round "10"]
[White "RemcoSpr"]
[Black "Palczert, Matyas"]
[Result "1/2-1/2"]
[Board "94"]
[TimeControl "180+1"]
[BlackFideId "784958"]
[WhiteElo "2396"]
[BlackElo "2559"]
[BlackTeam "HUN"]
[WhiteClock "0:00:03"]
[BlackClock "0:00:07"]

1. e4 c5 2. Nf3 e6 3. d4 cxd4 4. Nxd4 Nc6 5. Nc3 Qc7 6. Be2 Nf6 7. O-O Be7 8. Be3 O-O 9. f4 d6 10. Qe1 Nxd4 11. Bxd4 e5 12. Be3 exf4 13. Bxf4 Qb6+ 14. Kh1 Qxb2 15. Qg3 Re8 16. Rab1 Qxc2 17. Rfc1 Nxe4 18. Qf3 Nd2 19. Rxc2 Nxf3 20. Bxf3 Bf6 21. Rd1 Bf5 22. Rcc1 Rac8 23. Nd5 Bb2 24. Rxc8 Bxc8 25. Bxd6 Be6 26. Nf4 Bxa2 27. Bxb7 Bb3 28. Rb1 Bc2 29. Rf1 a5 30. Bd5 a4 31. Nh3 Bg6 32. Ng5 Bf6 33. Nf3 a3 34. Bxa3 Rd8 35. Re1 h6 36. Bc4 Rc8 37. Bf1 Ra8 38. Bc5 Kh7 39. Bd4 Bd8 40. Ne5 Ba5 41. Ra1 Be4 42. Bd3 Bxd3 43. Nxd3 Rd8 44. Rxa5 Rxd4 45. Ne1 Rd1 46. Re5 f6 47. Re2 Kg6 48. Kg1 Kf5 49. Kf2 g5 50. Nf3 Rd6 51. h3 h5 52. Kg3 Rd3 53. Rf2 g4 54. hxg4+ hxg4 55. Kh4 gxf3 56. Rxf3+ Rxf3 57. gxf3 Kf4 58. Kh5 Kxf3 59. Kg6 f5 60. Kxf5 1/2-1/2

[Event "January 2 Late 2024"]
[Site "https://www.chess.com"]
[Date "2024.01.02"]
[Round "10"]
[White "Paragua, Megan Althea"]
[Black "AmanteDeMoi"]
[Result "1/2-1/2"]
[Board "95"]
[TimeControl "180+1"]
[WhiteFideId "30973007"]
[WhiteElo "2373"]
[BlackElo "2551"]
[WhiteTeam "USA"]
[WhiteClock "0:00:46"]
[BlackClock "0:01:38"]

1. d4 g6 2. Nf3 Bg7 3. e3 d6 4. Be2 e5 5. dxe5 dxe5 6. Qxd8+ Kxd8 7. Nc3 f6 8. O-O Be6 9. Bd2 Nd7 10. Rfd1 c6 11. Ne4 Kc7 12. Bb4 Bf8 13. Bxf8 Rxf8 14. Nd6 a5 15. Bc4 Bxc4 16. Nxc4 a4 17. b3 b5 18. Ncd2 Nc5 19. Ne1 Rd8 20. b4 Na6 21. Nd3 Ne7 22. Ne4 Nd5 23. Ndc5 Nxc5 24. Nxc5 Kb6 25. a3 Nc3 26. Rd3 Rxd3 27. cxd3 Rd8 28. Kf1 f5 29. Rc1 Nd5 30. Ke2 Rd6 31. g3 Nc7 32. f4 exf4 33. gxf4 Nd5 34. d4 Rd8 35. Nd3 Re8 36. Ne5 Re6 37. Nd7+ Kc7 38. Ne5 Kb6 39. h4 Kb7 40. Rh1 h5 41. Rg1 Ne7 42. Nd3 Kb6 43. Nc5 Rd6 44. Kf3 Nd5 45. Nd3 Ne7 46. Ne5 Re6 47. Rc1 Kc7 48. Rc5 Kb6 49. Nd3 Nd5 50. Ne5 Ne7 51. Rc1 Kb7 52. Nd3 Kb6 53. Ne5 1/2-1/2

[Event "January 2 Late 2024"]
[Site "https://www.chess.com"]
[Date "2024.01.02"]
[Round "10"]
[White "Avramidou, Anastasia"]
[Black "Wendt, Jan-Dietrich"]
[Result "0-1"]
[Board "96"]
[TimeControl "180+1"]
[WhiteFideId "4239873"]
[BlackFideId "4623797"]
[WhiteElo "2544"]
[BlackElo "2353"]
[WhiteTeam "GRE"]
[BlackTeam "GER"]
[WhiteClock "0:00:00"]
[BlackClock "0:00:05"]

1. Nf3 g6 2. d4 Nf6 3. h4 h5 4. Nc3 d5 5. Bg5 Ne4 6. Bf4 Bg7 7. e3 O-O 8. Nxe4 dxe4 9. Nd2 c5 10. c3 Bf5 11. Bc4 cxd4 12. exd4 Nc6 13. Qe2 e5 14. Bg5 Qb6 15. d5 Na5 16. b4 Nxc4 17. Nxc4 Qc7 18. Rc1 Rac8 19. Ne3 Bd7 20. Be7 Bb5 21. d6 Bxe2 22. dxc7 Rfe8 23. Bd8 Bd3 24. Nd5 Rcxd8 25. cxd8=Q Rxd8 26. Ne3 f5 27. c4 Bf8 28. a3 a5 29. c5 axb4 30. axb4 b6 31. g3 bxc5 32. bxc5 Rc8 33. Nd5 Rxc5 34. Rxc5 Bxc5 35. Rh2 Kf7 36. Kd2 Ke6 37. Ne3 Bb4+ 38. Kd1 f4 39. gxf4 exf4 40. Nc2 Bc5 41. Rg2 Kf6 42. Rg5 Bxf2 43. Ra5 e3 44. Nd4 Bf5 45. Ke2 Bg4+ 46. Kd3 f3 47. Ra8 e2 48. Nc2 e1=Q 49. Nxe1 Bxe1 50. Rf8+ Ke7 51. Rg8 f2 0-1

[Event "January 2 Late 2024"]
[Site "https://www.chess.com"]
[Date "2024.01.02"]
[Round "10"]
[White "Obon Temprano, Sergi"]
[Black "Lin, Bryan Enming"]
[Result "0-1"]
[Board "97"]
[TimeControl "180+1"]
[WhiteFideId "2226545"]
[BlackFideId "30987121"]
[WhiteElo "2368"]
[BlackElo "2542"]
[WhiteTeam "ESP"]
[BlackTeam "USA"]
[WhiteClock "0:00:18"]
[BlackClock "0:00:47"]

1. Nf3 Nf6 2. c4 g6 3. Nc3 Bg7 4. g3 O-O 5. Bg2 d6 6. O-O Nc6 7. Rb1 e5 8. d3 a5 9. a3 Re8 10. b4 Bd7 11. Bg5 Qc8 12. b5 Ne7 13. Nd2 Bh3 14. e3 Bxg2 15. Kxg2 b6 16. Qf3 Nd7 17. Bxe7 Rxe7 18. Nd5 Re8 19. Qe2 Nf6 20. Nxf6+ Bxf6 21. e4 h5 22. h3 Bg5 23. Nf3 Bh6 24. Nh4 Qd8 25. a4 Qf6 26. Qf3 Qe7 27. Kh1 Bg5 28. Ng2 Rf8 29. Qe2 f5 30. f3 f4 31. g4 hxg4 32. hxg4 Kg7 33. Kg1 Rh8 34. Kf2 Bh4+ 35. Kg1 Bg3 36. Ne1 Qh4 37. Qg2 Rh7 38. Rf2 Rah8 39. Kf1 Qh1+ 40. Ke2 Bxf2 41. Qxh1 Rxh1 0-1

[Event "January 2 Late 2024"]
[Site "https://www.chess.com"]
[Date "2024.01.02"]
[Round "10"]
[White "Kleibel, Uwe"]
[Black "Lymar, Vladislav"]
[Result "0-1"]
[Board "98"]
[TimeControl "180+1"]
[WhiteFideId "1270982"]
[BlackFideId "14162180"]
[WhiteElo "2344"]
[BlackElo "2538"]
[WhiteTeam "GER"]
[BlackTeam "UKR"]
[WhiteClock "0:00:09"]
[BlackClock "0:00:07"]

1. e4 c5 2. Nf3 a6 3. g3 d5 4. exd5 Qxd5 5. Bg2 Qe4+ 6. Kf1 Nf6 7. Nc3 Qf5 8. d4 e6 9. h3 cxd4 10. Nxd4 Qa5 11. Nb3 Qc7 12. Bf4 Qc4+ 13. Kg1 Be7 14. a3 O-O 15. Na5 Qc5 16. Nxb7 Bxb7 17. Bxb7 Nbd7 18. Bxa8 Rxa8 19. Kg2 e5 20. Be3 Qc6+ 21. Qf3 e4 22. Qe2 Ne5 23. Rhd1 Nc4 24. Rd4 Nxb2 25. Na4 Nxa4 26. Rc4 Qb5 27. Kf1 Nd5 28. Bd4 Re8 29. Rd1 Bxa3 30. Ra1 e3 31. f3 Nab6 32. Rxa3 Nxc4 33. Rb3 Nd2+ 34. Ke1 Qxe2+ 35. Kxe2 Nxb3 36. cxb3 a5 37. f4 Rb8 38. Kd3 Rxb3+ 39. Ke4 e2 40. Kxd5 e1=Q 0-1

[Event "January 2 Late 2024"]
[Site "https://www.chess.com"]
[Date "2024.01.02"]
[Round "10"]
[White "Rangel, Daniel"]
[Black "Zampronha, Wladimir Camilo"]
[Result "1-0"]
[Board "99"]
[TimeControl "180+1"]
[WhiteFideId "2124475"]
[BlackFideId "2103087"]
[WhiteElo "2507"]
[BlackElo "2335"]
[WhiteTeam "BRA"]
[BlackTeam "BRA"]
[WhiteClock "0:00:03"]
[BlackClock "0:00:00"]

1. d4 Nf6 2. c4 c5 3. dxc5 e6 4. a3 a5 5. Nf3 Bxc5 6. Nc3 O-O 7. e3 d5 8. cxd5 exd5 9. Be2 Nc6 10. Nb5 Re8 11. O-O Bg4 12. h3 Bh5 13. Bd2 Qb6 14. Bc3 Bxf3 15. gxf3 Ne5 16. Nd4 Nc4 17. Rb1 a4 18. Kh1 Qd6 19. Rg1 Qd7 20. Kg2 Rxe3 21. Bxc4 Rxc3 22. Bb5 Qc8 23. bxc3 Nh5 24. Qd2 Bd6 25. Ne2 Qf5 26. Bd3 Qe5 27. f4 Qe7 28. Rbe1 Qh4 29. Bc2 Re8 30. Ng3 Nxf4+ 31. Kf3 Re6 32. Rxe6 Nxe6 33. Qd3 Ng5+ 34. Ke2 Qxh3 35. Nf5 Qh5+ 36. Kd2 Bf4+ 37. Ne3 Qf3 38. Kc1 Qxf2 39. Rf1 Qxe3+ 40. Kb2 Qxd3 41. Bxd3 Ne6 42. Bb5 g5 43. Bxa4 h5 44. Bb3 d4 45. cxd4 Nxd4 46. Bd5 b6 47. a4 Kg7 48. Kc3 g4 49. Kxd4 Bg5 50. Ke4 h4 51. Kf5 f6 52. Kxg4 1-0

[Event "January 2 Late 2024"]
[Site "https://www.chess.com"]
[Date "2024.01.02"]
[Round "10"]
[White "Biernacki, Mark"]
[Black "Tao, Sihan"]
[Result "0-1"]
[Board "100"]
[TimeControl "180+1"]
[WhiteFideId "2082322"]
[BlackFideId "30982677"]
[WhiteElo "2330"]
[BlackElo "2507"]
[WhiteTeam "USA"]
[BlackTeam "USA"]
[WhiteClock "0:00:09"]
[BlackClock "0:00:33"]

1. e4 c5 2. Nc3 Nc6 3. Bb5 Nd4 4. Nf3 a6 5. Bd3 g6 6. Nxd4 cxd4 7. Ne2 Bg7 8. c3 dxc3 9. dxc3 d6 10. O-O Nf6 11. Be3 O-O 12. f4 Ng4 13. Qd2 Nxe3 14. Qxe3 Bd7 15. a4 Qa5 16. Bc2 Rac8 17. Kh1 Qc5 18. Qxc5 Rxc5 19. Rfd1 Be6 20. Nd4 Bxd4 21. Rxd4 Rfc8 22. Re1 Rc4 23. Rxc4 Rxc4 24. Bb3 Rc5 25. Bxe6 fxe6 26. Rd1 Rc4 27. Rd4 Rxd4 28. cxd4 e5 29. fxe5 dxe5 30. d5 Kf7 31. Kg1 Ke8 32. Kf2 Kd7 33. Ke3 Kd6 34. b4 a5 35. bxa5 Kc5 36. Kd3 Kb4 37. g4 g5 38. h3 h6 39. Kd2 Kxa5 40. Kc3 Kxa4 41. Kc4 b6 42. d6 exd6 43. Kd5 b5 44. Kxd6 b4 45. Kxe5 b3 46. Kf6 b2 47. e5 b1=Q 48. e6 Qh7 49. e7 Qg8 50. h4 gxh4 51. g5 hxg5 52. Ke5 Qe8 53. Kf5 Qxe7 54. Kg4 h3 55. Kg3 Qe4 56. Kf2 h2 57. Kg3 h1=Q 58. Kf2 Qhg2# 0-1

[Event "January 2 Late 2024"]
[Site "https://www.chess.com"]
[Date "2024.01.02"]
[Round "10"]
[White "Dinu, Dumitru-Daniel"]
[Black "Skaric, Djuro"]
[Result "0-1"]
[Board "101"]
[TimeControl "180+1"]
[WhiteFideId "1208403"]
[BlackFideId "934569"]
[WhiteElo "2506"]
[BlackElo "2303"]
[WhiteTeam "ROU"]
[BlackTeam "SRB"]
[WhiteClock "0:00:06"]
[BlackClock "0:00:23"]

1. e4 d6 2. d4 g6 3. Nc3 Bg7 4. Bc4 Nf6 5. Qe2 O-O 6. e5 Nfd7 7. Nf3 Nb6 8. Bb3 Nc6 9. Bf4 Bg4 10. Qe3 Bxf3 11. gxf3 dxe5 12. dxe5 h5 13. Rg1 e6 14. Bh6 Kh7 15. Bxg7 Kxg7 16. f4 Qd4 17. Qg3 Rh8 18. Rd1 Qb4 19. a3 Qe7 20. Rd3 Rad8 21. Ne4 Rxd3 22. cxd3 Nd4 23. Bd1 Nf5 24. Qf3 Nd4 25. Qg3 Nf5 26. Qf3 Nh4 27. Qh3 Nd5 28. Rg5 Nf5 29. Qf3 h4 30. Rg1 h3 31. Ng5 Qc5 32. Qg4 Qe7 33. Bf3 Rh4 34. Nxe6+ Qxe6 35. Qg5 Nxf4 36. Be4 Ng2+ 37. Kf1 Qxe5 38. Bxg2 hxg2+ 39. Rxg2 Qf4 40. Qd8 Qc1+ 41. Ke2 Nd4+ 0-1

[Event "January 2 Late 2024"]
[Site "https://www.chess.com"]
[Date "2024.01.02"]
[Round "10"]
[White "Horak, Martin"]
[Black "Bryant, Todd"]
[Result "0-1"]
[Board "102"]
[TimeControl "180+1"]
[WhiteFideId "367095"]
[BlackFideId "2031299"]
[WhiteElo "2494"]
[BlackElo "2292"]
[WhiteTeam "CZE"]
[BlackTeam "USA"]
[WhiteClock "0:00:00"]
[BlackClock "0:00:10"]

1. e4 c5 2. Nf3 d6 3. d4 cxd4 4. Qxd4 Nc6 5. Qe3 e5 6. Be2 Nf6 7. h3 d5 8. exd5 Nxd5 9. Qb3 Bb4+ 10. c3 Bc5 11. O-O Nb6 12. Rd1 Qe7 13. Ng5 f6 14. Ne4 Nd7 15. Nbd2 f5 16. Nxc5 Nxc5 17. Qa3 O-O 18. Nc4 e4 19. Be3 Ne6 20. Qxe7 Nxe7 21. Nd6 f4 22. Nxc8 Raxc8 23. Bxa7 f3 24. Bf1 Nf4 25. g3 Ne2+ 26. Bxe2 fxe2 27. Re1 Nc6 28. Be3 Ne5 29. Rxe2 Nf3+ 30. Kg2 Rfd8 31. a4 g5 32. a5 Rd3 33. a6 bxa6 34. Rxa6 Rd1 35. h4 g4 0-1

[Event "January 2 Late 2024"]
[Site "https://www.chess.com"]
[Date "2024.01.02"]
[Round "10"]
[White "Shapiro, Viktor"]
[Black "Andersson, Bjorn 1971"]
[Result "1-0"]
[Board "103"]
[TimeControl "180+1"]
[WhiteFideId "4175700"]
[BlackFideId "1702114"]
[WhiteElo "2491"]
[BlackElo "2260"]
[WhiteTeam "RUS"]
[BlackTeam "SWE"]
[WhiteClock "0:00:14"]
[BlackClock "0:01:08"]

1. d4 c5 2. d5 d6 3. c4 g6 4. Nc3 Bg7 5. e4 Na6 6. Nf3 Nc7 7. Bd3 a6 8. a4 Nf6 9. O-O O-O 10. h3 Bd7 11. Qe2 b5 12. axb5 axb5 13. Rxa8 Qxa8 14. cxb5 Rb8 15. Bg5 Qb7 16. Ra1 h6 17. Bh4 Nxb5 18. Bxb5 Bxb5 19. Nxb5 Qxb5 20. Qxb5 Rxb5 21. Ra8+ Bf8 22. Bxf6 exf6 23. Nd2 Kg7 24. b3 Rb4 25. f3 f5 26. exf5 gxf5 27. g4 Rd4 28. Nc4 Rxd5 29. Ne3 Rd3 30. Nxf5+ Kg8 31. Nxh6+ Kg7 32. Nf5+ Kg8 33. Kg2 d5 34. Rd8 d4 35. b4 cxb4 36. Rxd4 Rc3 37. Rd8 f6 38. h4 b3 39. Rb8 Rc2+ 40. Kh3 b2 41. g5 fxg5 42. hxg5 Kf7 43. Rb7+ Kg6 44. Kg4 Ba3 45. Nh4# 1-0

[Event "January 2 Late 2024"]
[Site "https://www.chess.com"]
[Date "2024.01.02"]
[Round "10"]
[White "Curtis, John"]
[Black "Dobre, Claudiu-Cristian"]
[Result "0-1"]
[Board "104"]
[TimeControl "180+1"]
[WhiteFideId "3200256"]
[BlackFideId "1211854"]
[WhiteElo "2243"]
[BlackElo "2488"]
[WhiteTeam "AUS"]
[BlackTeam "ROU"]
[WhiteClock "0:00:00"]
[BlackClock "0:00:11"]

1. d4 f5 2. Bg5 g6 3. Nc3 d5 4. h4 h6 5. Bf4 Nf6 6. g3 c6 7. Nf3 Nbd7 8. Ne5 Nxe5 9. Bxe5 Bg7 10. e3 b6 11. Ne2 Kf7 12. Nf4 Ng4 13. Bxg7 Kxg7 14. h5 g5 15. Ng6 Re8 16. Be2 Nf6 17. Qd3 a5 18. f4 g4 19. Ne5 Qd6 20. c3 Ne4 21. Rg1 Ba6 22. Qc2 Bxe2 23. Kxe2 c5 24. Rad1 cxd4 25. Rxd4 b5 26. Qd3 e6 27. Kf1 Reb8 28. Kg2 Qc7 29. Rc1 Ra7 30. a3 Qb7 31. b4 Nd6 32. Qd1 Nc4 33. Nxg4 fxg4 34. Qxg4+ Kh8 35. Qxe6 Ra6 36. Qh3 Rg8 37. Re1 Qf7 38. e4 Qxf4 39. exd5 Qg5 0-1

[Event "January 2 Late 2024"]
[Site "https://www.chess.com"]
[Date "2024.01.02"]
[Round "10"]
[White "Ferriz Barrios, Andres"]
[Black "Bochnicka, Vladimir"]
[Result "0-1"]
[Board "105"]
[TimeControl "180+1"]
[WhiteFideId "5104467"]
[BlackFideId "14943450"]
[WhiteElo "2224"]
[BlackElo "2479"]
[WhiteTeam "MEX"]
[BlackTeam "SVK"]
[WhiteClock "0:01:05"]
[BlackClock "0:00:21"]

1. d4 Nf6 2. Nf3 g6 3. Nc3 Bg7 4. Bf4 d6 5. Qd2 a6 6. Bh6 Bxh6 7. Qxh6 b5 8. g3 b4 9. Nd1 Bf5 10. Qd2 a5 11. Nh4 Be4 12. f3 Bb7 13. Ng2 Nbd7 14. e4 Nb6 15. Nde3 O-O 16. h4 h5 17. Nf5 gxf5 18. Qg5+ Kh8 19. Qh6+ Nh7 20. Nf4 Rg8 21. exf5 Bxf3 22. Bd3 d5 23. Rf1 Be4 24. Nxh5 Nd7 25. O-O-O Bxd3 26. Rxd3 Nf6 27. Nxf6 exf6 28. Rf4 Qe8 29. Kd2 Qe7 30. Re3 Qd6 31. g4 c5 32. dxc5 Qc7 33. Rd4 Rae8 34. Rxd5 Rxe3 35. Kxe3 Qg3+ 36. Kd2 Qg2+ 37. Kd3 Qxd5+ 38. Ke3 Rxg4 0-1

[Event "January 2 Late 2024"]
[Site "https://www.chess.com"]
[Date "2024.01.02"]
[Round "10"]
[White "Kovacevic, Radmila"]
[Black "Reprintsev, Alexander"]
[Result "0-1"]
[Board "106"]
[TimeControl "180+1"]
[WhiteFideId "933171"]
[BlackFideId "14100541"]
[WhiteElo "2197"]
[BlackElo "2478"]
[WhiteTeam "SRB"]
[BlackTeam "UKR"]
[WhiteClock "0:00:11"]
[BlackClock "0:00:17"]

1. e4 d5 2. exd5 Qxd5 3. Nf3 Bg4 4. Be2 Nc6 5. O-O O-O-O 6. c3 e5 7. Qa4 Nf6 8. d3 h5 9. b4 a6 10. c4 Qd7 11. b5 Bxf3 12. Bxf3 Nd4 13. Bxb7+ Kxb7 14. Qxa6+ Kb8 15. b6 cxb6 16. Qxb6+ Kc8 17. Nc3 Qb7 18. Qxb7+ Kxb7 19. Rb1+ Kc6 20. Re1 Bd6 21. Nb5 Nxb5 22. cxb5+ Kb7 23. Be3 Ra8 24. Re2 Rhc8 25. d4 e4 26. f3 Nd5 27. Rb3 f5 28. fxe4 fxe4 29. Bg5 Bf4 30. Bxf4 Nxf4 31. Rxe4 Rc1+ 32. Kf2 Rxa2+ 33. Kg3 g5 34. Rxf4 gxf4+ 35. Kxf4 Rxg2 36. Rh3 Rf1+ 37. Ke5 Rg5+ 38. Ke4 Re1+ 39. Kd3 Rxb5 40. Kc4 Rg5 41. Rb3+ Kc6 42. Rb8 Rc1+ 43. Kd3 Kd7 44. Rb7+ Kd8 45. Ke4 Re1+ 46. Kd3 Rg2 47. Kc4 Rxh2 48. Kd5 Rg2 49. Kd6 Rg6+ 50. Kd5 h4 51. Rh7 Rh1 52. Rh5 h3 53. Rh7 Ke8 54. Ke5 h2 55. Kf5 Rf1+ 56. Kxg6 h1=Q 57. Rxh1 Rxh1 58. Kf6 Kd7 59. Ke5 Rh5+ 60. Ke4 Kd6 61. Kd3 Kd5 0-1

[Event "January 2 Late 2024"]
[Site "https://www.chess.com"]
[Date "2024.01.02"]
[Round "10"]
[White "Salman, Ilhan Serhat"]
[Black "Novikova, Margarita"]
[Result "1-0"]
[Board "107"]
[TimeControl "180+1"]
[WhiteFideId "6361579"]
[BlackFideId "14109689"]
[WhiteElo "2441"]
[BlackElo "2178"]
[WhiteTeam "TUR"]
[BlackTeam "GER"]
[WhiteClock "0:01:19"]
[BlackClock "0:00:00"]

1. e3 e5 2. c4 Nf6 3. Nc3 d5 4. cxd5 Nxd5 5. g3 Nxc3 6. bxc3 Nc6 7. Bg2 Qd3 8. Qe2 Qxe2+ 9. Nxe2 Bd7 10. O-O O-O-O 11. d4 exd4 12. cxd4 Bd6 13. Bd2 h5 14. Rab1 h4 15. Nc3 hxg3 16. hxg3 Bh3 17. Nb5 Bxg2 18. Kxg2 Be7 19. Rfc1 a6 20. Nxc7 Kxc7 21. Ba5+ Kc8 22. Bxd8 Rxd8 23. Rh1 Bf6 24. g4 g6 25. f4 Re8 26. Kf3 g5 27. Rh7 gxf4 28. Kxf4 Rf8 29. g5 Bd8 30. Rf1 Bc7+ 31. Kg4 Nd8 32. g6 Rg8 33. g7 Kd7 34. Kh5 Ke7 35. Kh6 Ne6 36. d5 Nxg7 37. Rxg7 Rh8+ 38. Rh7 Rf8 39. Kh5 Be5 40. a4 b5 41. axb5 axb5 42. Rb1 Rb8 43. Kg4 b4 44. Kf5 Bd6 45. e4 b3 46. e5 Ba3 47. e6 b2 48. Rxf7+ Kd6 49. Rd7+ Kc5 50. e7 1-0

[Event "January 2 Late 2024"]
[Site "https://www.chess.com"]
[Date "2024.01.02"]
[Round "10"]
[White "Montano Vicente, Guadalupe"]
[Black "Morales Garcia, Sergio Joshafatt"]
[Result "0-1"]
[Board "108"]
[TimeControl "180+1"]
[WhiteFideId "5181399"]
[BlackFideId "5106249"]
[WhiteElo "2184"]
[BlackElo "2439"]
[WhiteTeam "MEX"]
[BlackTeam "MEX"]
[WhiteClock "0:00:11"]
[BlackClock "0:00:28"]

1. d4 d5 2. c4 c6 3. cxd5 cxd5 4. Nc3 Nc6 5. Bf4 Nf6 6. e3 Bf5 7. Qb3 Na5 8. Qb5+ Bd7 9. Qd3 e6 10. Nf3 Rc8 11. Ne5 Bb4 12. Be2 O-O 13. O-O Bxc3 14. bxc3 Nc4 15. Nxd7 Qxd7 16. Bf3 Rc6 17. Bg5 Rfc8 18. Bxf6 gxf6 19. e4 Nb6 20. exd5 Rxc3 21. dxe6 fxe6 22. Qd2 Nd5 23. Rfc1 Qc7 24. Rxc3 Qxc3 25. Qxc3 Rxc3 26. h3 Kf7 27. Rb1 b6 28. Bxd5 exd5 29. Rb3 Rxb3 30. axb3 a5 31. Kf1 Kg6 32. Ke2 Kf5 33. Kd3 Kf4 34. Kd2 Ke4 35. Kc3 b5 36. f3+ Ke3 37. b4 a4 38. h4 Kf4 39. h5 h6 40. g4 Kxf3 41. g5 fxg5 0-1

[Event "January 2 Late 2024"]
[Site "https://www.chess.com"]
[Date "2024.01.02"]
[Round "10"]
[White "Jaque Gutierrez, Matias"]
[Black "Clarke, Matthew"]
[Result "1-0"]
[Board "109"]
[TimeControl "180+1"]
[WhiteFideId "3426980"]
[BlackFideId "3227804"]
[WhiteElo "2427"]
[BlackElo "2164"]
[WhiteTeam "CHI"]
[BlackTeam "AUS"]
[WhiteClock "0:00:46"]
[BlackClock "0:00:00"]

1. d4 d5 2. Nf3 Nf6 3. c4 e6 4. g3 Be7 5. Bg2 O-O 6. O-O dxc4 7. Qc2 a6 8. a4 Bd7 9. Qxc4 Bc6 10. Bg5 Bd5 11. Qc2 Be4 12. Qc1 Nc6 13. e3 h6 14. Bxf6 Bxf6 15. Nc3 Bh7 16. Rd1 Be7 17. e4 Nb4 18. Ne5 Qc8 19. a5 Rd8 20. Na4 f6 21. Nc4 Qd7 22. Qc3 Qb5 23. Ne3 Nc6 24. d5 exd5 25. Nxd5 Bd6 26. Bf1 Qxa5 27. Qb3 Kh8 28. Nac3 Qc5 29. Rac1 Qa7 30. Ne2 Rac8 31. Bg2 Bc5 32. Rf1 Ne5 33. h3 c6 34. Ndf4 1-0